 Dungeon Crawl Stone Soup version 0.30-a0-540-g0af01429fa (webtiles) character file.

Game seed: 8516938314379863391

991 arthad the Trooper (level 8, -1/58 HPs)
             Began as a Djinni Transmuter on Dec 25, 2022.
             Was an Initiate of Makhleb.
             Slain by Edmund
             ... wielding a +5 flail of holy wrath
              (4 damage)
             ... on level 5 of the Dungeon.
             The game lasted 00:16:25 (4744 turns).

arthad the Trooper (Djinni Transmuter)              Turns: 4744, Time: 00:16:26

Health: -1/58      AC:  6    Str:  9    XL:     8   Next: 41%
Gold:   310        EV: 21    Int: 18    God:    Makhleb [......] SH:  0 Dex: 18

rFire   + . .      SeeInvis .      - Unarmed
rCold   + . .      Faith    .    (shield currently unavailable)
rNeg    . . .      Spirit   .    (body armour currently unavailable)
rPois   ∞          Reflect  .    (helmet currently unavailable)
rElec   +          Harm     .    (cloak currently unavailable)
rCorr   +          Rampage  .    (gloves currently unavailable)
Will    .....                    (boots unavailable)
Stlth   ++                       y - amulet of the acrobat
HPRegen 0.29/turn                z - +4 ring of protection
MPRegen 0.00/turn                (no ring)

@: spider-form, resistant, flying
A: venomous fangs, flying, sickness immunity, tiny, (fire resistance 2), (cold
vulnerability 1), float, innate caster, HP casting, extra vitality 1
a: End Transformation, Renounce Religion


You were on level 5 of the Dungeon.
You worshipped Makhleb.
Makhleb was noncommittal.
You were a venomous arachnid creature.
You visited 2 branches of the dungeon, and saw 6 of its levels.

You collected 310 gold pieces.

Inventory:

Hand Weapons
 h - a +0 dagger of draining
 u - the +4 whip of Naulikyno {vorpal, rC- Int+3 Dex+9 SInv}
   (You found it on level 3 of the Dungeon)

   It inflicts extra damage upon your enemies.
   Int:       It affects your intelligence (+3).
   Dex:       It affects your dexterity (+9).
   rC:        It makes you vulnerable to cold.
   SInv:      It lets you see invisible.
 B - a +2 antimagic whip
Missiles
 s - 2 javelins
 w - 2 silver javelins
 C - a boomerang of dispersal
Armour
 a - a +0 robe
 c - a +0 cloak
 d - a scarf of resistance (melded)
 p - the +1 leather armour of the Known World (melded) {rN+}
   (You found it on level 2 of the Dungeon)

   rN:        It protects you from negative energy.
Magical Staves
 l - a staff of earth (melded)
Jewellery
 y - an amulet of the acrobat (around neck)
 z - a +4 ring of protection (left front leg)
Scrolls
 e - a scroll of poison
 f - a scroll of magic mapping {unknown}
 g - 5 scrolls of teleportation {unknown}
 i - 2 scrolls of enchant weapon {unknown}
 j - a scroll of blinking {unknown}
 o - 3 scrolls of noise {unknown}
 q - 7 scrolls of identify {unknown}
 t - a scroll of amnesia {unknown}
 v - a scroll of enchant armour {unknown}
 x - 2 scrolls of fog {unknown}
 D - a scroll of immolation {unknown}
Potions
 b - 3 potions of lignification
 k - 2 potions of brilliance
 m - a potion of flight
 r - a potion of curing {unknown}
 A - a potion of berserk rage {unknown}
 E - a potion of mutation {unknown}


   Skills:
 * Level 4.8 Fighting
 + Level 2.7 Armour
 + Level 4.3 Dodging
 + Level 4.6 Unarmed Combat
 * Level 3.9 Spellcasting
 * Level 1.5 Invocations


You couldn't memorise any spells.
You knew the following spells:

 Your Spells              Type           Power      Damage    Failure   Level
a - Beastly Appendage     Tmut           34%        N/A       11%         1
b - Wereblood             Tmut           17%        N/A       13%         2
c - Spider Form           Tmut/Pois      17%        N/A       22%         3
d - Ice Form              Ice/Tmut       17%        N/A       50%         4
e - Sandblast             Erth           34%        2d9       11%         1
f - Passwall              Tmut/Erth      14%        N/A       13%         2
g - Confusing Touch       Hex            17%        N/A       22%         3
Your spell library was empty.

Dungeon Overview and Level Annotations

Branches:
Dungeon (5/15)             Temple (1/1) D:4

Altars:
Ashenzari
Cheibriados
Dithmenos
Elyvilon
Gozag
Hepliaklqana
Makhleb
Nemelex Xobeh
Okawaru
Qazlal
Ru
Trog
Uskayaw
Wu Jian
Xom
Yredelemnul
Zin
The Shining One

Shops:
D:5 (

Annotations:
D:5 Edmund


Innate Abilities, Weirdness & Mutations

You are a venomous arachnid creature.
You have poisonous fangs.
You are tiny and dextrous.
You are flying.
Your spellcasting is less reliable in this form.
Your armour is entirely melded.
You are incapable of wielding weapons or throwing items.
You are immune to sickness and miasma.
You are immune to poison.
((Your flesh is very heat resistant. (rF++)))
((You are vulnerable to cold. (rC-)))
You float through the air rather than walking.
You learn spells naturally, not from books.
Your magical power is your life essence.
You have superior vitality. (+4 MHP)


Message History

The blast of sand hits Edmund but does no damage.
Edmund is lightly wounded.
Edmund hits you with a +5 flail of holy wrath.
Edmund closely misses you.
You feel a surge of power!
The blast of sand misses Edmund.
Edmund hits you with a +5 flail of holy wrath.
You feel a surge of power!
The blast of sand hits Edmund but does no damage.
Edmund is lightly wounded.
Edmund barely misses you.
Edmund hits you with a +5 flail of holy wrath!
You feel a surge of power!
The blast of sand hits Edmund but does no damage.
Edmund is lightly wounded.
Edmund closely misses you.
Casting: Sandblast (safe; 4% risk of failure)
Confirm with . or Enter, or press ? or * to list all spells.
You turn into a venomous arachnid creature.
Your staff of earth melds into your body.
Your scarf of resistance melds into your body.
The +1 leather armour of the Known World {rN+} melds into your body.
You feel hot and cold all over.
Edmund hits you with a +5 flail of holy wrath.
You hit Edmund but do no damage.
Edmund is poisoned.
Edmund is lightly wounded.
Edmund says, "What use are spells, anyway?"
Edmund hits you with a +5 flail of holy wrath!
You hit Edmund.
Edmund looks as sick as possible!
Edmund is moderately wounded.
Edmund hits you with a +5 flail of holy wrath!
* * * LOW HITPOINT WARNING * * *
You hit Edmund but do no damage.
Edmund looks as sick as possible!
Edmund is moderately wounded.
Edmund hits you with a +5 flail of holy wrath!
* * * LOW HITPOINT WARNING * * *
Okay, then.
It was a potion of resistance.
You feel protected.
Edmund hits you with a +5 flail of holy wrath.
You die...

#.#.##..........#
.# #.
#.#.##...........
#.............###
###.###.......#
#.###.......#
#.......#####
#####...# #...#
#.s.# #@..#
............!..
....!..........
................
..#####...#####.
. #...# ## #...#
.. #...# #.


You could see Edmund (extremely poisoned).

Vanquished Creatures
  Grinder (D:4)
  A black bear (D:4)
  A phantom (D:4)
  A scorpion (D:5)
  2 jellies
  An orc priest (D:2)
  6 hounds
  2 iguanas (D:5)
  5 orc wizards
  3 adders
  2 worms (D:5)
  4 dart slugs
  12 orcs
  5 endoplasms
  2 giant cockroaches (D:2)
  6 hobgoblins
  12 jackals
  8 kobolds
  3 quokkas
  3 ball pythons
  4 bats
  3 frilled lizards
  8 goblins
  2 rats (D:1)
  A spectral goblin (D:4)
98 creatures vanquished.

Vanquished Creatures (others)
  4 toadstools (D:1)
4 creatures vanquished.

Grand Total: 102 creatures vanquished

Notes
Turn   | Place    | Note
-------+----------+-------------------------------------------
     0 | D:1      | arthad the Djinni Transmuter began the quest for the Orb.
     0 | D:1      | arthad set off with the following spells memorised: Beastly
                  | Appendage, Wereblood, Spider Form, Ice Form.
     0 | D:1      | Reached XP level 1. HP: 17/17 MP: 0/0
   154 | D:1      | Reached XP level 2. HP: 18/22 MP: 0/0
   458 | D:1      | Found a faded altar of an unknown god.
   516 | D:1      | Reached XP level 3. HP: 27/27 MP: 0/0
   516 | D:1      | Learned a level 1 spell: Sandblast
  1124 | D:2      | Found a broken altar of Ashenzari.
  1297 | D:2      | Identified the +1 leather armour of the Known World {rN+}
  1465 | D:2      | Reached XP level 4. HP: 29/33 MP: 0/0
  2043 | D:3      | Reached XP level 5. HP: 37/39 MP: 0/0
  2043 | D:3      | Learned a level 2 spell: Passwall
  2211 | D:3      | Reached skill level 1 in Armour
  2362 | D:3      | Identified the +4 whip of Naulikyno {vorpal, rC- Int+3
                  | Dex+9 SInv}
  2951 | D:4      | Found a sparkling altar of Nemelex Xobeh.
  3134 | D:4      | Noticed Grinder
  3146 | D:4      | Reached XP level 6. HP: 20/46 MP: 0/0
  3156 | D:4      | Killed Grinder
  3157 | D:4      | Reached XP level 7. HP: 7/50 MP: 0/0
  3157 | D:4      | Learned a level 3 spell: Confusing Touch
  3805 | D:4      | Got the Quarto of the Lungs and the Legion
  3845 | D:4      | Found a hazy altar of Hepliaklqana.
  3985 | D:4      | Found a staircase to the Ecumenical Temple.
  3998 | Temple   | Entered the Ecumenical Temple
  4179 | Temple   | Became a worshipper of Makhleb the Destroyer
  4267 | D:5      | Entered Level 5 of the Dungeon
  4274 | D:5      | Found Veulih's Weapon Emporium.
  4304 | D:5      | Reached XP level 8. HP: 57/58 MP: 0/0
  4520 | D:5      | Reached skill level 1 in Invocations
  4732 | D:5      | Noticed Edmund
  4744 | D:5      | Slain by Edmund

Illustrated notes

Levels and vault maps discovered:
D:1:      ldierk_water_garden, layout_basic, chequers_ecumenical_altar_twisty
D:2:      layout_loops_ring, basic_altar
D:3:      layout_loops_corners, lemuel_round_altar
D:4:      layout_gridville, nicolae_hepliaklqana_monster_ancestors,
          nemelex_xobeh_ov_fountains_minmay, temple_hall, uniq_grinder
D:5:      layout_loops_cross, serial_shops, shop,
          hangedman_abyss_or_decor_jellyfish_corner, kennysheep_nondescript,
          minmay_chambers_of_fives, uniq_pikel, uniq_blork_the_orc, uniq_edmund
Temple:   eino_narrow_crystal_temple

Skill      XL: |  1  2  3  4  5  6  7  8 |
---------------+-------------------------+-----
Spellcasting   | 2 3 |  3.9
Fighting       | 2 3 4 |  4.8
Dodging        | 3 4 |  4.3
Armour         | 1 2 |  2.7
Unarmed Combat | 4 |  4.6
Invocations    | 1 |  1.5

Action                   |  1- 3 |  4- 6 |  7- 9 || total
-------------------------+-------+-------+-------++-------
Melee: Unarmed           |   131 |    37 |     3 ||   171
       Headbutt          |    12 |     5 |       ||    17
       Punch             |     3 |       |       ||     3
       Whip              |       |     8 |       ||     8
 Cast: Beastly Appendage |    13 |     3 |       ||    16
       Wereblood         |     1 |       |     1 ||     2
       Sandblast         |       |    47 |    89 ||   136
       Spider Form       |       |       |     1 ||     1
  Use: Scroll            |       |     1 |       ||     1
       Potion            |       |     3 |     1 ||     4
 Stab: Invisible         |       |     1 |       ||     1
Armor: Robe              |    17 |       |       ||    17
       Leather armour    |     4 |    30 |    31 ||    65
Dodge: Dodged            |   100 |    58 |    36 ||   194

Table legend: (Time is in decaauts)
 A = Elapsed time spent in this place.
 B = Non-inter-level travel time spent in this place.
 C = Inter-level travel time spent in this place.
 D = Time resting spent in this place.
 E = Time spent auto-exploring this place.
 F = Levels seen in this place.
 G = Mean time per level.
                   A        B        C        D        E       F      G
               +--------+--------+--------+--------+--------+-----+--------+
         Total |   4800 |   4579 |    221 |    278 |   3549 |   6 |  800.0 |
       Dungeon |   4612 |   4399 |    213 |    278 |   3387 |   5 |  922.4 |
        Temple |    187 |    179 |      8 |      0 |    162 |   1 |  187.0 |
               +--------+--------+--------+--------+--------+-----+--------+

Top non-repeatable levels by time:
     D:4: 1231 daAuts
     D:1: 1118 daAuts
     D:3: 929 daAuts
     D:2: 831 daAuts
     D:5: 501 daAuts
  Temple: 187 daAuts
